 Dungeon Crawl Stone Soup version 0.18.1-48-g4cf74bf (webtiles) character file.

215 Jonno22 the Shield-Bearer (level 6, 0/47 HPs)
             Began as a Human Fighter on Aug 23, 2016.
             Slain by a kobold
             ... wielding a +2 dagger of electrocution
              (18 damage)
             ... on level 3 of the Dungeon.
             The game lasted 00:13:14 (1945 turns).

Jonno22 the Shield-Bearer (Human Fighter)           Turns: 1945, Time: 00:13:14

Health: 0/47       AC:  7    Str: 18    XL:     6   Next: 15%
Magic:  6/6        EV:  8    Int:  9    God:
Gold:   62         SH: 10    Dex: 12    Spells: 0 memorised, 5 levels left

rFire  + . .     SeeInvis .     g - +2 short sword (holy)
rCold  x . .     Gourm    .     b - +0 scale mail
rNeg   . . .     Faith    .     c - +1 shield
rPois  .         Spirit   .     (no helmet)
rElec  .         Dismiss  .     (no cloak)
rCorr  .         Reflect  .     (no gloves)
SustAt .         Harm     .     (no boots)
MR     .....                    (no amulet)
Stlth  ..........               (no ring)
                                p - ring of fire

@: lethally poisoned (0 -> -7), very slightly contaminated, not resistant to
hostile enchantments, extremely unstealthy
A: no striking features
a: no special abilities


You were on level 3 of the Dungeon.
You were not hungry.

You visited 1 branch of the dungeon, and saw 3 of its levels.

You collected 62 gold pieces.

Inventory:

Hand Weapons
 a - a +0 long sword
 g - a +2 short sword of holy wrath (weapon)
Missiles
 o - 26 arrows
Armour
 b - a +0 scale mail (worn)
 c - a +1 shield (worn)
Jewellery
 p - a ring of fire (left hand)
Scrolls
 e - 4 scrolls of remove curse
Potions
 d - a potion of might
 h - 2 potions of curing {unknown}
 i - a potion of ambrosia {unknown}
 j - a potion of haste
 k - 2 potions of heal wounds
 n - 2 potions of magic {unknown}
Comestibles
 f - a bread ration
 l - a slice of pizza
 m - a meat ration


   Skills:
 + Level 3.4 Fighting
 + Level 0.2(1.5) Short Blades
 + Level 2.6 Long Blades
 + Level 4.1 Armour
 + Level 2.2 Dodging
 + Level 4.4 Shields


You had 5 spell levels left.
You didn't know any spells.

Dungeon Overview and Level Annotations

Branches:
Dungeon (3/15)

Altars:
Ashenzari


Message History

You feel sick. The orc hits you but does no damage.
You hit the orc but do no damage.
The orc is heavily wounded.
You feel sick. The kobold barely misses you. The orc hits you with a falchion!
* * * LOW HITPOINT WARNING * * *
You feel much better.
You feel yourself slow down.
You feel sick. You block the kobold's attack.
You barely miss the orc.
The orc is heavily wounded.
You feel sick. The orc completely misses you. You block the kobold's attack.
The orc hits you with a falchion.
You hit the orc but do no damage.
The orc is heavily wounded.
You feel sick. The kobold hits you but does no damage.
The orc hits you with a falchion.
You hit the orc.
The orc is severely wounded.
You feel sick. The kobold hits you but does no damage.
You are electrocuted!
You die...

.....# #########
.....######........ ####
##.................
#...##...............>..
........................
........................
........................
......K...............[)
.!.!..)@.......^....<...
.....#))o............)).
...# #..########........
.. ....# #........ .
#..... #........ .......
.......... .......
#.......... .........
............
##..........


You could see an orc and a kobold.

Vanquished Creatures
  An orc wizard (D:3)
  An orc priest (D:3)
  8 adders
  2 worms (D:2)
  2 dart slugs
  3 giant geckos
  6 orcs (D:3)
  7 ball pythons
  8 goblins
  5 hobgoblins
  7 bats
  7 giant newts
  7 kobolds
  9 rats
73 creatures vanquished.

Notes
Turn   | Place    | Note
--------------------------------------------------------------
     0 | D:1      | Jonno22 the Human Fighter began the quest for the Orb.
     0 | D:1      | Reached XP level 1. HP: 18/18 MP: 1/1
   369 | D:1      | Reached XP level 2. HP: 20/24 MP: 2/2
   602 | D:1      | Reached XP level 3. HP: 27/29 MP: 3/3
   840 | D:2      | Reached skill level 1 in Dodging
   879 | D:2      | Reached XP level 4. HP: 31/35 MP: 4/4
   943 | D:2      | Found a shattered altar of Ashenzari.
  1482 | D:2      | Reached XP level 5. HP: 41/41 MP: 5/5
  1930 | D:3      | Reached XP level 6. HP: 31/47 MP: 6/6
  1945 | D:3      | Slain by a kobold

Skill      XL: |  1  2  3  4  5 |
---------------+----------------+-----
Dodging        | 1 2 |  2.2
Shields        | 4 |  4.4
Armour         | 4 |  4.1
Fighting       | |  3.4
Short Blades   | |  0.2
Long Blades    | |  2.6

Action                   |  1- 3 |  4- 6 || total
-------------------------+-------+-------++-------
Melee: Long sword        |   107 |    34 ||   141
       Short sword       |       |   125 ||   125
  Use: Scroll            |     1 |     2 ||     3
       Potion            |       |     4 ||     4
  Eat: Meat ration       |       |     1 ||     1
Armor: Scale mail        |    49 |    90 ||   139
Dodge: Dodged            |    42 |    73 ||   115
Block: Shield            |    60 |   126 ||   186
